AoeStats
← Checho1921

African Clearing

504580746Analyzed
3v3 RM · 25d ago on Sep 5, 2026· 52m 35s· 6 players
Game mode
Random Map
Map size
Normal (6 player)
Population
200
Speed
Normal
Resources
Standard
Victory
Conquest
Starting age
Dark Age
Ending age
Imperial Age
RankedLock teamsTeams togetherTeam positionsShared explorationLock speedFull tech treeHidden civsTurbo modeCheats
Victory
Defeat
🇺🇸 Vietnamese · United States
1465
+11
🇨🇦 Goths · Canada
1332
+17
🇺🇸 Magyars · United States
1331
+17
🇦🇷 Vietnamese · Argentina
1402
-17
🇦🇷 Ethiopians · Argentina
1333
-14
🇦🇷 Hindustanis · Argentina
1319
-14
Checho1921
12:44 Feudal Age
18:31 Castle Age
16:46 Double-Bit Axe
18:52 Fletching
19:23 Bow Saw
19:47 Crossbowman
24:18 Horse Collar
24:47 Padded Archer Armor
27:17 Leather Archer Armor
28:12 Wheelbarrow
28:37 Bodkin Arrow
31:06 Stone Mining
32:15 Loom
33:47 Heavy Plow
36:05 Forging
37:53 Hand Cart
38:50 Iron Casting
40:54 Scale Mail Armor
42:57 Chain Mail Armor
46:05 Man-at-Arms
IA (versión en CD)
11:17 Loom
13:04 Feudal Age
16:16 Double-Bit Axe
18:19 Forging
27:10 Castle Age
25:48 Bloodlines
25:47 Horse Collar
27:01 Scale Barding Armor
32:45 Chain Barding Armor
33:01 Iron Casting
33:02 Husbandry
33:21 Town Watch
41:24 Heavy Plow
43:42 Wheelbarrow
46:02 Imperial Age
46:08 Imperial Age
45:14 Hand Cart
45:38 Grand Trunk Road
46:14 Heavy Camel Rider
48:07 Blast Furnace
48:14 Scale Mail Armor
49:02 Town Patrol
49:39 Plate Barding Armor
50:15 Conscription
51:15 Chain Mail Armor
51:02 Fletching
50:34 Light Cavalry
ramax
10:40 Loom
12:47 Feudal Age
14:49 Double-Bit Axe
14:56 Town Watch
17:37 Fletching
22:29 Padded Archer Armor
24:47 Castle Age
22:52 Horse Collar
24:06 Man-at-Arms
25:27 Forging
25:17 Scale Mail Armor
24:54 Crossbowman
25:34 Bodkin Arrow
26:12 Long Swordsman
28:19 Bow Saw
30:00 Ballistics
30:34 Chain Mail Armor
33:17 Iron Casting
33:46 Squires
36:23 Wheelbarrow
38:14 Thumb Ring
38:44 Leather Archer Armor
44:42 Imperial Age
43:17 Murder Holes
44:37 Stone Mining
44:38 Gold Mining
44:57 Arbalester
45:57 Bracer
47:52 Chemistry
51:51 Two-Handed Swordsman
Joltzjoltz
9:29 Loom
12:08 Feudal Age
12:58 Double-Bit Axe
19:17 Bloodlines
24:39 Wheelbarrow
28:05 Castle Age
28:54 Stone Mining
34:58 Town Watch
50:06 Bow Saw
50:13 Scale Barding Armor
49:59 Fletching
50:58 Horse Collar
crimst1
12:59 Feudal Age
13:48 Double-Bit Axe
17:44 Wheelbarrow
19:09 Castle Age
17:30 Gold Mining
20:03 Bow Saw
19:44 Loom
20:35 Wheelbarrow
21:13 Horse Collar
21:27 Stone Mining
25:16 Heavy Plow
28:18 Scale Mail Armor
28:33 Forging
29:58 Chain Mail Armor
30:08 Anarchy
32:14 Iron Casting
31:52 Town Watch
32:42 Hand Cart
32:35 Squires
36:42 Fletching
47:46 Imperial Age
46:59 Pikeman
47:53 Halberdier
49:42 Two-Man Saw
49:17 Crop Rotation
49:03 Perfusion
49:25 Conscription
48:56 Capped Ram
50:10 Elite Huskarl
52:27 Blast Furnace
52:33 Town Patrol
[LMB] xvedejas
4:07 Loom
14:17 Feudal Age
19:20 Castle Age
17:43 Double-Bit Axe
19:16 Fishing Lines
20:38 Bow Saw
21:05 Wheelbarrow
20:20 Horse Collar
25:38 Town Watch
27:49 Fletching
29:10 Scale Barding Armor
29:16 Forging
30:09 Wheelbarrow
30:38 Medium Warships
31:14 Bloodlines
32:06 Bodkin Arrow
33:57 Husbandry
34:39 Hand Cart
35:40 Ballistics
35:01 Treadmill Crane
35:41 Thumb Ring
35:37 Padded Archer Armor
36:52 Leather Archer Armor
36:40 Murder Holes
40:50 Imperial Age
41:00 Heavy Cavalry Archer
44:05 Chemistry
43:07 Bracer
43:38 Ring Archer Armor
43:21 Devotion
43:56 Gold Mining
45:35 Heavy Plow
46:29 Paper Money
46:44 Hoardings
47:30 Elite Skirmisher
51:45 Siege Engineers
Connection lost

Rejoining the realm…

Still unreachable

The connection could not be restored.

Session expired

The server has moved on; the page needs a fresh start.